 Dungeon Crawl Stone Soup version 0.31.0-32-g396128a36d (webtiles) character file.

Game seed: 3325539790870965886

17 Peloso the Trooper (level 2, -1/27 HPs)
             Began as a Minotaur Fighter on Mar 9, 2024.
             Frozen to death by an endoplasm (5 damage)
             ... on level 2 of the Dungeon.
             The game lasted 00:00:48 (469 turns).

Peloso the Trooper (Minotaur Fighter)                Turns: 469, Time: 00:00:50

Health: -1/27      AC:  6    Str: 20    XL:     2   Next: 44%
Magic:  1/1        EV:  8    Int:  5    God:
Gold:   72         SH:  8    Dex:  9    Spells: 1/1 levels left

rFire   . . .        a - +0 long sword
rCold   . . .        d - +0 kite shield
rNeg    . . .        b - +0 scale mail
rPois   .            (helmet restricted)
rElec   .            (no cloak)
rCorr   .            (no gloves)
SInv    .            (no boots)
Will    .....        (no amulet) Stlth
                     (no ring)
HPRegen 0.24/turn    (no ring)
MPRegen 0.07/turn

%: no passive effects
@: no status effects
A: horns 2, retaliatory headbutt
a: no special abilities


You were on level 2 of the Dungeon.
You visited 1 branch of the dungeon, and saw 2 of its levels.

You collected 72 gold pieces.

Inventory:

Hand Weapons
 a - a +0 long sword (weapon)
Armour
 b - a +0 scale mail (worn)
 c - a +0 buckler
 d - a +0 kite shield (worn)
Scrolls
 f - 4 scrolls of enchant armour {unknown}
 g - a scroll of noise {unknown}
 h - a scroll of silence {unknown}
 j - a scroll of vulnerability {unknown}
 l - a scroll of teleportation {unknown}
Potions
 e - a potion of magic {unknown}
 i - a potion of might
 k - a potion of lignification {unknown}


   Skills:
 + Level 4.3 Fighting
 + Level 2.5 Long Blades
 + Level 3.6 Armour
 + Level 0.7 Dodging
 + Level 3.8 Shields


You had one spell level left.
You didn't know any spells.
Your spell library contained the following spells:

 Spells                   Type           Power      Damage    Failure   Level
 Summon Forest            Summ/Tloc      0%         N/A       100%        5
 Summon Mana Viper        Hex/Summ       0%         N/A       100%        5
 Conjure Ball Lightning   Conj/Air       0%         3x3d6     100%        6
 Summon Cactus Giant      Summ           0%         N/A       100%        6
 Discord                  Hex            0%         N/A       100%        8
 Disjunction              Tloc           0%         N/A       100%        8


Dungeon Overview and Level Annotations

Branches:
Dungeon (2/15)

Altars:


Innate Abilities, Weirdness & Mutations

You have a pair of horns on your head.
You reflexively headbutt those who attack you in melee.


Message History

The ball python bites you but does no damage.
The ball python grabs you. The ball python constricts you.
The ball python bites you but does no damage.
The ball python constricts you.
You barely miss the ball python. You block the ball python's attack.
The ball python constricts you. The endoplasm freezes you.
You are frozen.
You block the ball python's attack. The ball python constricts you.
The endoplasm hits you but does no damage.
You closely miss the ball python. You block the ball python's attack.
The ball python constricts you. The endoplasm freezes you.
You are frozen.
You hit the ball python but do no damage.
You block the ball python's attack. The ball python constricts you.
The endoplasm barely misses you. You block the ball python's attack.
The ball python constricts you. The endoplasm freezes you.
You are frozen.
You hit the ball python.
The ball python is severely wounded.
You block the ball python's attack. The ball python constricts you.
The endoplasm freezes you.
You are frozen.
You block the ball python's attack. The ball python constricts you.
You hit the ball python.
You kill the ball python!
The endoplasm hits you. The endoplasm freezes you.
You are frozen.
* * * LOW HITPOINT WARNING * * *
You see here a ball python corpse.
You hit the endoplasm.
The endoplasm is moderately wounded.
The endoplasm hits you.
* * * LOW HITPOINT WARNING * * *
The endoplasm freezes you.
You are frozen.
You die...

#.# #.# #.# #.# #.#
########.##### ..
.............########
#..
......#.####.#(.....#
#.#
..##.J@...#.#.####.####
#.##
#...#........##.#...
#..##
#....#..#.#.#........
#...##
#.....#....#.####.#...
#....#
#...........#......####
#....#
#..).......#########
###...######....##..##
#....###..###...##..####
....###....###..##.....


You could see an endoplasm.

Vanquished Creatures
  A ribbon worm (D:2)
  2 endoplasms (D:1)
  2 giant cockroaches (D:1)
  2 hobgoblins
  A kobold (D:2)
  A quokka (D:1)
  2 ball pythons
  A frilled lizard (D:1)
  A rat (D:1)
13 creatures vanquished.

Notes
Turn   | Place    | Note
-------+----------+-------------------------------------------
     0 | D:1      | Peloso the Minotaur Fighter began the quest for the Orb.
     0 | D:1      | Reached XP level 1. HP: 19/19 MP: 0/0
   206 | D:1      | Reached skill level 4 in Fighting
   247 | D:1      | Reached XP level 2. HP: 27/27 MP: 1/1
   291 | D:1      | You fall into a shaft and drop 1 floor!
   469 | D:2      | Frozen to death by an endoplasm

Illustrated notes

Levels and vault maps discovered:
D:1:      kennysheep_arrival_forest, layout_rooms
D:2:      layout_loops_cross, chequers_serial_rivers_micro_b,
          hangedman_decor_slide_cut, minmay_misc_feat_iff, minivault_19

Skill      XL: |  1 |
---------------+----+-----
Fighting       | 4 |  4.3
Long Blades    | |  2.5
Armour         | |  3.6
Dodging        | |  0.7
Shields        | |  3.8

Action                     || total
---------------------------++-------
  Melee: Long sword        ||    35
         Headbutt          ||     8
 Armour: Scale mail        ||    12
  Dodge: Dodged            ||    14
  Block: Kite shield       ||    13
         Buckler           ||     2
